PUB
SAN FRANCISCO MEATBALLS @ BRONX BOMBERS
04/12/1972
 
TOP OF THE 1ST
San Francisco Meatballs batting - Pitching for Bronx Bombers : RHP Nick Brown
Pitching: RHP Nick Brown
Batting: LHB José Otero 0-0: Swinging Strike
0-1: Foul Ball, location: 23FF
0-2: Strikes out swinging
Batting: SHB Daniel Taylor 0-0: Ball
1-0: Ground out 4-3 (Groundball, 4, EV 108.8 MPH)
Batting: SHB Nathan McClain 0-0: Ball
1-0: Foul Ball, location: 7LMF
1-1: Swinging Strike
1-2: Ball
2-2: Strikes out swinging
Top of the 1st over - 0 runs, 0 hits, 0 errors, 0 left on base; San Francisco 0 - Bronx 0
BOTTOM OF THE 1ST
Bronx Bombers batting - Pitching for San Francisco Meatballs : RHP Gene Bishop
Pitching: RHP Gene Bishop
Batting: RHB Juan Beniquez 0-0: Called Strike
0-1: Ball
1-1: Called Strike
1-2: Strikes out swinging, 2-3 out at first.
Batting: RHB Harrison Fluellen 0-0: Ball
1-0: Called Strike
1-1: Called Strike
1-2: Strikes out swinging
Batting: LHB Chris Gunter 0-0: Ball
1-0: Swinging Strike
1-1: Ball
2-1: DOUBLE (Line Drive, 7LD, EV 109.4 MPH)
Batting: RHB Jeffery Reynolds 0-0: Swinging Strike
0-1: Foul Ball, location: 7LMF
0-2: Foul Ball, location: 2F
0-2: Strikes out looking
Bottom of the 1st over - 0 runs, 1 hit, 0 errors, 1 left on base; San Francisco 0 - Bronx 0
TOP OF THE 2ND
San Francisco Meatballs batting - Pitching for Bronx Bombers : RHP Nick Brown
Batting: LHB Jorge López 0-0: Ball
1-0: Fly out, F8 (Flyball, 8RM, EV 94.4 MPH)
Batting: SHB Munenori Sato 0-0: Foul Ball, location: 25F
0-1: Fly out, F9 (Flyball, 9LM, EV 90.0 MPH)
Batting: LHB Larry Richardson 0-0: Ball
1-0: Ball
2-0: Foul Ball, location: 2F
2-1: Ball
3-1: Called Strike
3-2: Foul Ball, location: 9LDF
3-2: Foul Ball, location: 9LMF
3-2: Foul Ball, location: 7LMF
3-2: Base on Balls
Batting: LHB Johnny Edwards 0-0: Called Strike
0-1: Ground out 4-3 (Groundball, 4, EV 88.8 MPH)
Top of the 2nd over - 0 runs, 0 hits, 0 errors, 1 left on base; San Francisco 0 - Bronx 0
BOTTOM OF THE 2ND
Bronx Bombers batting - Pitching for San Francisco Meatballs : RHP Gene Bishop
Batting: LHB Brian Shelton 0-0: Fly out, F6 (Popup, 6, EV 75.6 MPH)
Batting: RHB Jim Wynn 0-0: Ball
1-0: Ball
2-0: Ball
3-0: Called Strike
3-1: Base on Balls
Batting: LHB Manuel López 0-0: Swinging Strike
0-1: Foul Ball, location: 2F
0-2: Ball
Jim Wynn steals 2nd base
1-2: Ball
2-2: Fly out, F9 (Flyball, 9LS, EV 91.3 MPH)
Batting: SHB Shane Webb 0-0: Intentional Walk
Batting: SHB Nick Brown 0-0: Swinging Strike
0-1: Ball
1-1: Foul Ball, location: 2F
1-2: Strikes out swinging
Bottom of the 2nd over - 0 runs, 0 hits, 0 errors, 2 left on base; San Francisco 0 - Bronx 0
TOP OF THE 3RD
San Francisco Meatballs batting - Pitching for Bronx Bombers : RHP Nick Brown
Batting: RHB Dave Concepcion 0-0: Fly out, F7 (Flyball, 7LM, EV 97.5 MPH)
Batting: SHB Gene Bishop 0-0: Ball
1-0: Foul Ball, location: 7LSF
1-1: Ball
2-1: Ground out 1-3 (Groundball, 23, EV 63.8 MPH)
Batting: LHB José Otero 0-0: Fly out, F8 (Flyball, 8RM, EV 93.8 MPH)
Top of the 3rd over - 0 runs, 0 hits, 0 errors, 0 left on base; San Francisco 0 - Bronx 0
BOTTOM OF THE 3RD
Bronx Bombers batting - Pitching for San Francisco Meatballs : RHP Gene Bishop
Batting: RHB Juan Beniquez 0-0: Ball
1-0: Called Strike
1-1: Ball
2-1: Ground out 6-3 (Groundball, 6, EV 97.5 MPH)
Batting: RHB Harrison Fluellen 0-0: Ball
1-0: Ball
2-0: Swinging Strike
2-1: Foul Ball, location: 2F
2-2: Foul Ball, location: 9LMF
2-2: Ball
3-2: Foul Ball, location: 2F
3-2: Foul Ball, location: 2F
3-2: Foul Ball, location: 5FF
3-2: Strikes out swinging
Batting: LHB Chris Gunter 0-0: Ball
1-0: Swinging Strike
1-1: Fly out, F9 (Line Drive, 9S, EV 92.5 MPH)
Bottom of the 3rd over - 0 runs, 0 hits, 0 errors, 0 left on base; San Francisco 0 - Bronx 0
TOP OF THE 4TH
San Francisco Meatballs batting - Pitching for Bronx Bombers : RHP Nick Brown
Batting: SHB Daniel Taylor 0-0: Ball
1-0: Ball
2-0: Ball
3-0: Called Strike
3-1: Foul Ball, location: 5F
3-2: Ground out 5-3 (Groundball, 56, EV 105.0 MPH)
Batting: SHB Nathan McClain 0-0: Fly out, F7 (Flyball, 7LS, EV 91.3 MPH)
Batting: LHB Jorge López 0-0: Called Strike
0-1: Swinging Strike
0-2: Foul Ball, location: 3FF
0-2: Ball
1-2: Ball
2-2: SINGLE (Line Drive, 3D, EV 99.4 MPH)
Batting: SHB Munenori Sato 0-0: Called Strike
0-1: Ball
1-1: DOUBLE (Flyball, 8LXD, EV 108.8 MPH)
Jorge López to third
Batting: LHB Larry Richardson 0-0: Ball
1-0: Ball
2-0: Swinging Strike
2-1: Ball
3-1: Called Strike
3-2: Base on Balls
Batting: LHB Johnny Edwards 0-0: Foul Ball, location: 2F
0-1: Ball
1-1: Ball
2-1: Ball
3-1: Foul Ball, location: 2F
3-2: Strikes out looking
Top of the 4th over - 0 runs, 2 hits, 0 errors, 3 left on base; San Francisco 0 - Bronx 0
BOTTOM OF THE 4TH
Bronx Bombers batting - Pitching for San Francisco Meatballs : RHP Gene Bishop
Batting: RHB Jeffery Reynolds 0-0: Foul Ball, location: 2LF
0-1: Called Strike
0-2: Strikes out swinging
Batting: LHB Brian Shelton 0-0: Ground out 1-3 (Groundball, 15S, EV 61.9 MPH)
Batting: RHB Jim Wynn 0-0: Ball
1-0: Foul Ball, location: 9LMF
1-1: SINGLE (Line Drive, 89M, EV 94.4 MPH)
Batting: LHB Manuel López 0-0: Called Strike
0-1: Called Strike
0-2: Ball
1-2: Ball
Jim Wynn is caught stealing 2nd base 2-6
Bottom of the 4th over - 0 runs, 1 hit, 0 errors, 0 left on base; San Francisco 0 - Bronx 0
TOP OF THE 5TH
San Francisco Meatballs batting - Pitching for Bronx Bombers : RHP Nick Brown
Batting: RHB Dave Concepcion 0-0: Called Strike
0-1: Ball
1-1: Called Strike
1-2: Strikes out swinging
Batting: SHB Gene Bishop 0-0: Called Strike
0-1: Called Strike
0-2: Ball
1-2: Strikes out looking
Batting: LHB José Otero 0-0: Foul Ball, location: 2F
0-1: Called Strike
0-2: Ball
1-2: Ball
2-2: Fly out, F7 (Flyball, 78M, EV 100.6 MPH)
Top of the 5th over - 0 runs, 0 hits, 0 errors, 0 left on base; San Francisco 0 - Bronx 0
BOTTOM OF THE 5TH
Bronx Bombers batting - Pitching for San Francisco Meatballs : RHP Gene Bishop
Batting: LHB Manuel López 0-0: Ball
1-0: Called Strike
1-1: Swinging Strike
1-2: Strikes out looking
Batting: SHB Shane Webb 0-0: Ball
1-0: Ball
2-0: Ball
3-0: Called Strike
3-1: Base on Balls
Batting: SHB Nick Brown 0-0: Sac Bunt to 23 - play at first, batter OUT! 3-4
Shane Webb to second
Batting: RHB Juan Beniquez 0-0: Called Strike
0-1: Ball
1-1: Swinging Strike
1-2: Foul Ball, location: 9LDF
1-2: Strikes out swinging
Bottom of the 5th over - 0 runs, 0 hits, 0 errors, 1 left on base; San Francisco 0 - Bronx 0
TOP OF THE 6TH
San Francisco Meatballs batting - Pitching for Bronx Bombers : RHP Nick Brown
Batting: SHB Daniel Taylor 0-0: Ball
1-0: Foul Ball, location: 7LSF
1-1: Ball
2-1: Called Strike
2-2: Strikes out swinging
Batting: SHB Nathan McClain 0-0: Foul Ball, location: 5DF
0-1: Ground out 4-3 (Groundball, 4, EV 110.0 MPH)
Batting: LHB Jorge López 0-0: Called Strike
0-1: Ball
1-1: Ball
2-1: Ball
3-1: Foul Ball, location: 2F
3-2: Base on Balls
Batting: SHB Munenori Sato 0-0: Ball
1-0: Ball
2-0: Called Strike
2-1: Ground out 4-3 (Groundball, 34, EV 106.3 MPH)
Top of the 6th over - 0 runs, 0 hits, 0 errors, 1 left on base; San Francisco 0 - Bronx 0
BOTTOM OF THE 6TH
Bronx Bombers batting - Pitching for San Francisco Meatballs : RHP Gene Bishop
Batting: RHB Harrison Fluellen 0-0: Foul Ball, location: 5F
0-1: Called Strike
0-2: Foul Ball, location: 25FF
0-2: Strikes out looking
Batting: LHB Chris Gunter 0-0: Foul Ball, location: 2F
0-1: Foul Ball, location: 25FF
0-2: Foul Ball, location: 2F
0-2: Foul Ball, location: 7LMF
0-2: Ground out 2-3 (Groundball, 2R, EV 67.5 MPH)
Batting: RHB Jeffery Reynolds 0-0: Ball
1-0: Ball
2-0: Called Strike
2-1: Foul Ball, location: 9LSF
2-2: Ball
3-2: Fly out, F7 (Flyball, 7D, EV 103.1 MPH)
Bottom of the 6th over - 0 runs, 0 hits, 0 errors, 0 left on base; San Francisco 0 - Bronx 0
TOP OF THE 7TH
San Francisco Meatballs batting - Pitching for Bronx Bombers : RHP Nick Brown
Batting: LHB Larry Richardson 0-0: Ball
1-0: SINGLE (Line Drive, 4M, EV 95.0 MPH)
Batting: LHB Johnny Edwards 0-0: Called Strike
0-1: Ball
1-1: Fly out, F6 (Line Drive, 6M, EV 99.4 MPH)
Batting: RHB Dave Concepcion 0-0: Called Strike
Larry Richardson steals 2nd base
0-1: Ball
1-1: Called Strike
Larry Richardson steals 3rd base
1-2: Ball
2-2: Ball
3-2: Fly out, F8 (Flyball, 8LD, EV 99.4 MPH)
Runner from 3rd tags up, SCORES, no throw by CF
Batting: SHB Gene Bishop 0-0: Ball
1-0: Ball
2-0: Ball
3-0: Called Strike
3-1: Called Strike
3-2: Base on Balls
Batting: LHB José Otero 0-0: Ground out 4-3 (Groundball, 34D, EV 95.0 MPH)
Top of the 7th over - 1 run, 1 hit, 0 errors, 1 left on base; San Francisco 1 - Bronx 0
BOTTOM OF THE 7TH
Bronx Bombers batting - Pitching for San Francisco Meatballs : RHP Gene Bishop
Batting: LHB Brian Shelton 0-0: Swinging Strike
0-1: Ball
1-1: Foul Ball, location: 5SF
1-2: Strikes out swinging
Batting: RHB Jim Wynn 0-0: SINGLE (Flyball, 8RS, EV 92.5 MPH)
Pitching: LHP Ray Sadecki
Pinch Hitting: RHB José Rodríguez 0-0: Called Strike
0-1: Called Strike
0-2: Ground out 5-3 (Groundball, 5L, EV 88.8 MPH)
Jim Wynn to second
Batting: SHB Shane Webb 0-0: Called Strike
0-1: Foul Ball, location: 2F
0-2: Ball
1-2: Ball
2-2: Ball
3-2: Foul Ball, location: 3F
3-2: Base on Balls
Batting: SHB Nick Brown 0-0: Ball
1-0: Called Strike
1-1: Ball
2-1: Swinging Strike
2-2: Ball
3-2: Foul Ball, location: 23F
3-2: Ground out 1-3 (Groundball, 15S, EV 70.0 MPH)
Bottom of the 7th over - 0 runs, 1 hit, 0 errors, 2 left on base; San Francisco 1 - Bronx 0
TOP OF THE 8TH
San Francisco Meatballs batting - Pitching for Bronx Bombers : RHP Nick Brown
Now at 2B: Harrison Fluellen
Now at 3B: José Rodríguez
Batting: SHB Daniel Taylor 0-0: Called Strike
0-1: Swinging Strike
0-2: Ball
1-2: SINGLE (Groundball, 3D, EV 85.0 MPH) (infield hit)
Batting: SHB Nathan McClain 0-0: Ball
Daniel Taylor steals 2nd base
1-0: Ball
Daniel Taylor steals 3rd base
2-0: Ball
3-0: Called Strike
3-1: Base on Balls
Pitching: RHP Hiroyasu Nishikawa
Batting: LHB Jorge López 0-0: Called Strike
0-1: Fly out, F9 (Flyball, 89S, EV 102.5 MPH)
Batting: SHB Munenori Sato 0-0: Called Strike
Nathan McClain steals 2nd base
0-1: Foul Ball, location: 2F
0-2: Ball
1-2: Ball
2-2: Ball
3-2: Fielders Choice at home, 3-2 (Groundball, 3, EV 105.0 MPH)
Nathan McClain to third
Batting: LHB Larry Richardson 0-0: Called Strike
Munenori Sato steals 2nd base
0-1: Foul Ball, location: 2F
0-2: Ball
1-2: Ball
2-2: Strikes out looking
Top of the 8th over - 0 runs, 1 hit, 0 errors, 2 left on base; San Francisco 1 - Bronx 0
BOTTOM OF THE 8TH
Bronx Bombers batting - Pitching for San Francisco Meatballs : LHP Ray Sadecki
Batting: RHB Juan Beniquez 0-0: Ball
1-0: Ball
2-0: Foul Ball, location: 23F
2-1: Foul Ball, location: 9LSF
2-2: Ball
3-2: Ground out 6-3 (Groundball, 6S, EV 85.0 MPH)
Batting: RHB Harrison Fluellen 0-0: Ball
1-0: Swinging Strike
1-1: Swinging Strike
1-2: Strikes out swinging
Pinch Hitting: RHB Roger Allen 0-0: Called Strike
0-1: SOLO HOME RUN (Flyball, 89XD, EV 102.5 MPH), Distance : 411 ft
Batting: RHB Jeffery Reynolds 0-0: Swinging Strike
0-1: Foul Ball, location: 2F
0-2: Ball
1-2: Ball
2-2: Ball
3-2: Base on Balls
Batting: LHB Brian Shelton 0-0: Ball
1-0: Ball
2-0: Foul Ball, location: 5F
2-1: Ball
3-1: Called Strike
3-2: Fly out, F8 (Flyball, 8RM, EV 89.4 MPH)
Bottom of the 8th over - 1 run, 1 hit, 0 errors, 1 left on base; San Francisco 1 - Bronx 1
TOP OF THE 9TH
San Francisco Meatballs batting - Pitching for Bronx Bombers : RHP Hiroyasu Nishikawa
Now in CF: Roger Allen
Now in RF: Jim Wynn
Batting: LHB Johnny Edwards 0-0: DOUBLE (Flyball, 8RXD, EV 92.5 MPH)
DELAY Rain delay of 15 minutes in the 9th inning.
Batting: RHB Dave Concepcion 0-0: Sac Bunt to 2R - play at first, batter OUT! 2-3
Johnny Edwards to third
Pinch Hitting: LHB Jonathan Norton 0-0: Ball
1-0: Foul Ball, location: 2F
1-1: Swinging Strike
1-2: Ball
2-2: DOUBLE (Line Drive, 78M, EV 88.1 MPH)
Johnny Edwards scores
Batting: LHB José Otero 0-0: Ball
1-0: Foul Ball, location: 3SF
1-1: Ball
2-1: SINGLE (Groundball, 4D, EV 104.4 MPH)
Jonathan Norton to third
Runner from 3rd tries for Home, SAFE, throw by RF to home
Batting: SHB Daniel Taylor 0-0: Called Strike
José Otero steals 2nd base (no throw)
0-1: Foul Ball, location: 9LSFF
0-2: Ball
1-2: Fly out, F8 (Line Drive, 8LM, EV 88.1 MPH)
Batting: SHB Nathan McClain 0-0: Called Strike
0-1: Foul Ball, location: 2F
0-2: Strikes out swinging
Top of the 9th over - 2 runs, 3 hits, 0 errors, 1 left on base; San Francisco 3 - Bronx 1
BOTTOM OF THE 9TH
Bronx Bombers batting - Pitching for San Francisco Meatballs : LHP Ray Sadecki
Pitching: RHP Armando Martínez
Batting: RHB Jim Wynn 0-0: Ball
1-0: Ball
2-0: Called Strike
2-1: Foul Ball, location: 2F
2-2: Strikes out looking
Pinch Hitting: LHB Ted Tappe 0-0: Called Strike
0-1: Hit by Pitch
Batting: SHB Shane Webb 0-0: Called Strike
0-1: Foul Ball, location: 9LDF
0-2: Foul Ball, location: 2F
0-2: Ball
1-2: Grounds into double play, 6-4-3 (Groundball, 6M, EV 112.5 MPH)
Bottom of the 9th over - 0 runs, 0 hits, 0 errors, 0 left on base; San Francisco 3 - Bronx 1
Monday, February 26th , 2024 - OOTP Baseball 24.8 Build 75